 Dungeon Crawl Stone Soup version 0.28.0-1-gb440e238dd (webtiles) character file.

Game seed: 7099705532011677541

95155 MirrMurr the Spear-Bearer (level 15, -7/123 HPs)
             Began as a Demonspawn Berserker on Feb 25, 2022.
             Was the Champion of Trog.
             Mangled by an orc warrior (25 damage)
             ... on level 2 of the Orcish Mines on Feb 26, 2022.
             The game lasted 01:04:05 (27673 turns).

MirrMurr the Spear-Bearer (Demonspawn Berserker)   Turns: 27673, Time: 01:04:05

Health: -7/123     AC: 25    Str: 31    XL:     15   Next: 65%
Magic:  24/24      EV: 15    Int:  8    God:    Trog [******]
Gold:   3723       SH: 16    Dex: 14    Spells: 14/14 levels left

rFire   . . .      SeeInvis +   a - +1 demon trident (vorpal)
rCold   . . .      Faith    .   O - +2 kite shield
rNeg    . . .      Spirit   .   i - +0 plate armour
rPois   +          Reflect  +   (helmet unavailable)
rElec   .          Harm     .   c - +2 cloak {rPois}
rCorr   .          Rampage  .   C - +2 pair of gloves
Will    +....                   (no boots)
Stlth   ..........              N - amulet of reflection
HPRegen 0.30/turn               H - ring "Ipra" {*Slow rPois MP+9 Str+7 Slay+4}
MPRegen 0.19/turn               j - +4 ring of evasion

@: studying Evocations
A: antennae 3, icy blue scales 2, demonic guardian 3, powered by death 3
a: Renounce Religion, Berserk, Trog's Hand, Brothers in Arms


You were on level 2 of the Orcish Mines.
You worshipped Trog.
Trog was exalted by your worship.
You visited 4 branches of the dungeon, and saw 24 of its levels.
You also visited: Sewer, Ossuary, Bailey and Gauntlet.

You collected 3723 gold pieces.

Inventory:

Hand Weapons
 a - a +1 vorpal demon trident (weapon)
 b - a +4 hand crossbow of freezing
 d - a +0 fustibalus of electrocution
Missiles
 g - 672 stones (quivered)
 l - 8 curare-tipped darts
 r - 17 boomerangs
 B - 5 datura-tipped darts
 E - 30 poisoned darts
 G - 185 bolts
 L - 2 throwing nets
 P - 7 javelins
 W - 6 silver javelins
Armour
 c - a +2 cloak of poison resistance (worn)
 i - a +0 plate armour (worn)
 C - a +2 pair of gloves (worn)
 O - a +2 kite shield (worn)
Jewellery
 j - a +4 ring of evasion (right hand)
 x - a ring of resist corrosion
 H - the ring "Ipra" (left hand) {*Slow rPois MP+9 Str+7 Slay+4}
   (You acquired it on level 11 of the Dungeon)

   [ring of magical power]

   Str:       It affects your strength (+7).
   Slay:      It affects your accuracy & damage with ranged weapons and melee
   (+4).
   rPois:     It protects you from poison.
   MP:        It affects your magic capacity (+9).
   *Slow:     It may slow you when you take damage.
 N - an amulet of reflection (around neck)
 S - the ring "Qeff" {rC+ AC+4 Str+5 Int-4}
   (You found it on level 13 of the Dungeon)

   [ring of protection]

   AC:        It affects your AC (+4).
   Str:       It affects your strength (+5).
   Int:       It affects your intelligence (-4).
   rC:        It protects you from cold.
 V - a ring of protection from fire
Wands
 h - a wand of mindburst (29)
 m - a wand of flame (27)
 u - a wand of acid (15)
 y - a wand of paralysis (21)
 F - a wand of iceblast (14)
 J - a wand of charming (13)
 M - a wand of digging (15)
Scrolls
 e - a scroll of vulnerability
 k - 7 scrolls of immolation
 n - 3 scrolls of teleportation
 o - a scroll of blinking
 p - 6 scrolls of fear
 w - 4 scrolls of fog
 K - a scroll of brand weapon
 T - 3 scrolls of magic mapping
 U - a scroll of summoning
Potions
 f - 9 potions of curing
 q - 3 potions of might
 s - 4 potions of invisibility
 t - 4 potions of magic
 v - 2 potions of resistance
 z - 11 potions of ambrosia
 A - 2 potions of haste
 D - 4 potions of heal wounds
 I - 3 potions of flight
 Q - a potion of cancellation
 Y - 2 potions of berserk rage
Miscellaneous
 X - a lightning rod (4/4)


   Skills:
 * Level 13.1 Fighting
 - Level 14.0 Polearms
 + Level 10.6 Throwing
 + Level 11.1 Armour
 + Level 11.1 Dodging
 + Level 3.9 Shields
 + Level 6.4 Evocations


You had 14 spell levels left.
You didn't know any spells.
Your spell library was empty.

Dungeon Overview and Level Annotations

Branches:
Dungeon (15/15)            Temple (1/1) D:7            Lair (6/6) D:9
 Shoals (0/4) Lair:3       Spider (0/4) Lair:4        Slime (0/5) Lair:5
    Orc (2/2) D:10         Vaults (0/5) D:14         Depths (0/4) D:15
  Sewer (visited)         Ossuary (visited)          Bailey (visited)
Gauntlet (visited)
    Elf: Orc:2

Altars:
Hepliaklqana
Kikubaaqudgha
Ru
Vehumet
Xom
The Shining One
Beogh
Jiyva

Shops:
D:3 (   D:10 [   D:14 (

Annotations:
Lair:6 1 runed translucent door


Innate Abilities, Weirdness & Mutations

You have a pair of large antennae on your head. (SInv)
You are mostly covered in icy blue scales. (AC +3)
A powerful demonic guardian rushes to your aid.
You regenerate a lot of health from kills.


Message History

You block the orc knight's attack.
You hit the orc knight but do no damage.
The orc knight is lightly wounded.
You block the orc warrior's attack.
The orc knight roars a battlecry!
The orc goes into a battle-frenzy!
The orc warrior barely misses you. The orc misses you.
The orc knight completely misses you.
You barely miss the orc knight.
The orc knight is lightly wounded.
You block the orc warrior's attack. You block the orc knight's attack.
Unknown command.
You hit the orc knight.
The orc knight is moderately wounded.
You block the orc's attack. You block the orc knight's attack.
You block the orc warrior's attack.
The orc wizard mumbles some strange words.
The orc wizard flickers and vanishes for a moment.
The orc knight closely misses you.
You puncture the orc knight!
The orc knight is heavily wounded.
You block the orc warrior's attack. You block the orc's attack.
The orc knight hits you from afar with a +0 bardiche!!
The orc warrior hits you with a +0 dire flail!
The orc warrior hits you but does no damage.
You hit the orc knight.
The orc knight is heavily wounded.
The orc knight hits you with a +0 battleaxe!!
The orc warrior hits you with a +2 mace of holy wrath!
You convulse.
You block the orc's attack.
The orc knight roars a battlecry!
The orc knight goes into a battle-frenzy!
The orc warrior completely misses you.
Unknown command.
The orc warrior hits you with a +0 short sword!
You block the orc knight's attack.
The orc warrior hits you with a +2 mace of holy wrath!!
* * * LOW HITPOINT WARNING * * *
A demonic guardian appears!
You convulse!!
You die...

o....#.......)).....#....
............[)......#....
..........(.)...........
#.......#.............#
##..................####
#......oo...[.[.....##$#
#...ooooo.)............
##....ooo#.)†)).........
#.....o@##.).[.........#
##.#...##..............#
# ##2.....#.#..........
#....#...#...#.###..#
#....##.###.#### ###
....###.# ... ....## ...
.... #.#.. ##. #...


You could see 2 orc knights, 5 orc warriors, an orc wizard (strong, invisible),
3 orcs and a friendly reaper (summoned).

Vanquished Creatures
  Rupert (D:13)
  A very ugly thing (D:15)
  Nessos (D:14)
  A minotaur (Gauntlet)
  Snorg (D:13)
  A great orb of eyes (D:15)
  Harold (D:9)
  3 boulder beetles
  Erolcha (D:13)
  2 catoblepae
  8 hydras
  6 centaur warriors
  5 death yaks
  2 tengu warriors
  4 two-headed ogres
  Urug (D:11)
  Sonja (D:10)
  A skeletal warrior (D:13)
  2 sixfirhies (Gauntlet)
  A deep troll (shapeshifter) (D:15)
  3 orc knights
  A necromancer (Gauntlet)
  4 deep elf pyromancers (D:13)
  2 orc sorcerers (Orc:1)
  2 manticores
  7 cyclopes
  7 ugly things
  A guardian serpent (shapeshifter) (D:13)
  10 elephants (Lair:3)
  4 gargoyles
  9 cane toads
  3 black mambas
  2 torpor snails
  2 kobold demonologists (Bailey)
  3 unseen horrors (D:12)
  A yaktaur (D:13)
  7 komodo dragons
  5 rime drakes
  6 trolls
  2 meliai (Lair:4)
  2 polar bears
  Prince Ribbit (D:8)
  13 blink frogs
  5 slime creatures
  A hornet (D:8)
  A dream sheep (Lair:6)
  A meliai zombie (D:11)
  A jumping spider (Lair:4)
  A vampire (D:14)
  7 wyverns
  13 humans (D:14)
  10 basilisks
  39 yaks
  2 redbacks (Lair:4)
  5 vampire mosquitoes
  10 wargs
  A naga (shapeshifter) (D:13)
  A hell hound (Lair:5)
  2 acid dragons
  15 water moccasins
  A hornet zombie (D:9)
  2 sky beasts
  29 orc warriors
  2 ice beasts
  5 black bears
  A boggart (D:13)
  A necrophage (D:6)
  2 ogres
  21 wolves
  6 centaurs
  2 phantoms
  An elf zombie (Ossuary)
  A kobold brigand (Sewer)
  11 bullfrogs
  A scorpion (D:5)
  A gnoll sergeant (D:5)
  4 wights (D:8)
  26 killer bees
  8 electric eels
  2 jellies
  8 howler monkeys
  6 crimson imps (D:9)
  4 bullfrog zombies
  4 centaur zombies
  4 human zombies (Ossuary)
  4 hounds (D:5)
  12 orc priests
  2 gnoll shamans
  A bullfrog skeleton (D:6)
  2 iguanas (D:6)
  2 scorpion zombies (D:5)
  Jessica (D:3)
  Ijyb (D:3)
  5 hell rats
  22 orc wizards
  2 killer bee zombies
  A hound zombie (D:5)
  2 mummies (Ossuary)
  13 gnolls
  5 adders
  A shadow imp (D:9)
  2 white imps (D:9)
  2 ufetubi
  2 adder zombies (Ossuary)
  4 worms
  A dart slug (D:3)
  61 orcs
  9 ball pythons
  9 bats
  11 endoplasms
  7 giant cockroaches
  13 goblins
  15 hobgoblins
  10 jackals
  9 quokkas
  A frilled lizard (D:1)
  4 goblin zombies (Ossuary)
  8 hobgoblin zombies (Ossuary)
  A jackal zombie (Ossuary)
  14 kobolds
  8 kobold zombies (Ossuary)
  9 orc zombies (Ossuary)
  13 rats
698 creatures vanquished.

Vanquished Creatures (collateral kills)
  A fire dragon (D:14)
  2 hydras
  A centaur warrior (D:13)
  Erica (D:11)
  A two-headed ogre (D:14)
  A death yak (Lair:5)
  An orc knight (D:14)
  3 elephants (Lair:3)
  A black mamba (Lair:5)
  A torpor snail (Lair:6)
  A cane toad (Lair:6)
  A rime drake (Lair:5)
  A queen bee (Lair:4)
  A meliai (Lair:4)
  2 blink frogs
  5 dream sheep (Lair:6)
  4 yaks
  2 humans (D:14)
  2 basilisks
  2 water moccasins
  5 orc warriors
  3 wolves (Gauntlet)
  A centaur (D:13)
  A kobold brigand (Sewer)
  4 killer bees (Lair:4)
  A hound (D:5)
  A jelly (D:1)
  4 orcs
  An endoplasm (D:1)
  A goblin (Bailey)
  A hobgoblin (Bailey)
  2 quokkas (D:3)
  A kobold (D:1)
60 creatures vanquished.

Vanquished Creatures (others)
  A rakshasa (D:13)
  A human (D:14)
  29 fungi
  62 plants
93 creatures vanquished.

Grand Total: 851 creatures vanquished

Notes
Turn   | Place    | Note
-------+----------+-------------------------------------------
     0 | D:1      | MirrMurr the Demonspawn Berserker began the quest for the
                  | Orb.
     0 | D:1      | Reached XP level 1. HP: 18/18 MP: 1/1
     0 | D:1      | Noticed a jelly
     0 | D:1      | Noticed a jelly
     1 | D:1      | Found a runed translucent door.
   418 | D:1      | Gained mutation: A weak demonic guardian rushes to your
                  | aid. [demonic ancestry]
   418 | D:1      | Reached XP level 2. HP: 13/24 MP: 2/2
   570 | D:1      | Reached skill level 3 in Polearms
  1220 | D:1      | Gained mutation: A demonic guardian rushes to your aid.
                  | [demonic ancestry]
  1220 | D:1      | Reached XP level 3. HP: 29/29 MP: 3/3
  1245 | D:1      | Reached ** piety under Trog
  1630 | D:1      | Gained mutation: You regenerate a little health from kills.
                  | [demonic ancestry]
  1630 | D:1      | Reached XP level 4. HP: 7/35 MP: 4/4
  3666 | D:2      | Identified the +1 leather armour "Ufut" {-Tele Int+7}
  3725 | D:2      | Gained mutation: You have a pair of small antennae on your
                  | head. [demonic ancestry]
  3725 | D:2      | Reached XP level 5. HP: 42/42 MP: 5/5
  4292 | D:3      | Noticed Ijyb
  4309 | D:3      | Killed Ijyb
  4310 | D:3      | Reached skill level 4 in Polearms
  4551 | D:3      | Found Vuycet's Antique Weapon Boutique.
  4733 | D:3      | Noticed Jessica
  4738 | D:3      | Killed Jessica
  4873 | D:3      | Gained mutation: A powerful demonic guardian rushes to your
                  | aid. [demonic ancestry]
  4873 | D:3      | Reached XP level 6. HP: 48/48 MP: 6/6
  5156 | D:3      | Found a radiant altar of Vehumet.
  5581 | D:4      | Reached skill level 1 in Throwing
  6106 | D:5      | Entered Level 5 of the Dungeon
  6114 | D:5      | Reached skill level 5 in Polearms
  6114 | D:5      | Reached XP level 7. HP: 53/55 MP: 7/7
  6122 | D:5      | Found a sand-covered staircase.
  6127 | Ossuary  | Entered an ossuary
  6161 | Ossuary  | Reached *** piety under Trog
  6846 | D:5      | Reached **** piety under Trog
  6847 | D:5      | Reached XP level 8. HP: 57/61 MP: 8/8
  6895 | D:5      | Reached skill level 5 in Fighting
  7011 | D:5      | Reached skill level 6 in Polearms
  7705 | D:6      | Found a shimmering altar of Xom.
  7771 | D:6      | Reached skill level 7 in Polearms
  7771 | D:6      | Gained mutation: You have a pair of antennae on your head.
                  | [demonic ancestry]
  7771 | D:6      | Reached XP level 9. HP: 66/69 MP: 9/9
  8080 | D:6      | Found a glowing drain.
  8092 | Sewer    | Entered a sewer
  8170 | Sewer    | Reached ***** piety under Trog
  8228 | Sewer    | Reached skill level 5 in Armour
  8246 | Sewer    | Reached skill level 5 in Dodging
  8254 | Sewer    | Received a gift from Trog
  9127 | D:7      | Found a staircase to the Ecumenical Temple.
  9132 | Temple   | Entered the Ecumenical Temple
  9631 | D:8      | Reached skill level 8 in Polearms
  9655 | D:8      | Identified the +1 leather armour "Lazotur" {+Inv MP+9
                  | Str-2}
 10439 | D:8      | Noticed a two-headed ogre
 10451 | D:8      | Killed a two-headed ogre
 10452 | D:8      | Gained mutation: You are partially covered in icy blue
                  | scales. (AC +2) [demonic ancestry]
 10452 | D:8      | Reached XP level 10. HP: 74/77 MP: 10/10
 10547 | D:9      | Noticed Prince Ribbit
 10676 | D:8      | Killed Prince Ribbit
 10703 | D:9      | Reached skill level 5 in Throwing
 10878 | D:9      | Reached skill level 9 in Polearms
 10990 | D:9      | Found a flagged portal.
 10995 | Bailey   | Entered a bailey
 11420 | Bailey   | Found an iron altar of Okawaru.
 11425 | Bailey   | Noticed an orange demon
 11765 | D:9      | You fall into a shaft and drop 1 floor!
 11765 | D:10     | Entered Level 10 of the Dungeon
 11765 | D:10     | Noticed Sonja
 11777 | D:10     | Killed Sonja
 11778 | D:10     | Gained mutation: You regenerate health from kills. [demonic
                  | ancestry]
 11778 | D:10     | Reached XP level 11. HP: 85/85 MP: 11/11
 11915 | D:10     | Found a staircase to the Orcish Mines.
 12014 | D:10     | Received a gift from Trog
 12168 | D:9      | Reached skill level 10 in Polearms
 12224 | D:9      | Noticed Harold
 12240 | D:9      | Killed Harold
 12271 | D:9      | Found a staircase to the Lair.
 13232 | D:10     | Found Haskaun's Antique Armour Emporium.
 14113 | D:11     | Acquired the ring "Ipra" {*Slow rPois MP+9 Str+7 Slay+4}
 14286 | D:11     | Noticed a green ugly thing
 14301 | D:11     | Killed a green ugly thing
 14376 | D:11     | Noticed Erica
 14398 | D:11     | Killed Erica
 14807 | D:11     | Noticed Urug
 14818 | D:11     | Killed Urug
 15043 | Lair:1   | Entered Level 1 of the Lair of Beasts
 15072 | Lair:1   | Found a gate leading to a gauntlet.
 15099 | Gauntlet | Entered a Gauntlet
 15099 | Gauntlet | Found a transporter.
 15107 | Gauntlet | Found a transporter.
 15109 | Gauntlet | Found a transporter.
 15114 | Gauntlet | Noticed a necromancer
 15117 | Gauntlet | Found a runed translucent gate.
 15117 | Gauntlet | Found a runed translucent gate.
 15117 | Gauntlet | Found a runed translucent gate.
 15120 | Gauntlet | Found a transporter.
 15123 | Gauntlet | Found a transporter.
 15129 | Gauntlet | Noticed a sixfirhy
 15131 | Gauntlet | Noticed a sixfirhy
 15133 | Gauntlet | Found a transporter.
 15149 | Gauntlet | Found a transporter.
 15152 | Gauntlet | Noticed a cacodemon
 15159 | Gauntlet | Noticed a minotaur
 15160 | Gauntlet | Found a transporter.
 15168 | Gauntlet | Noticed a hell beast
 15170 | Gauntlet | Noticed a dire elephant
 15171 | Gauntlet | Found a transporter.
 15183 | Gauntlet | Found a transporter.
 15197 | Gauntlet | Found a transporter.
 15197 | Gauntlet | Found a transporter.
 15208 | Gauntlet | Found a transporter.
 15208 | Gauntlet | Found a transporter.
 15429 | Gauntlet | Reached skill level 11 in Polearms
 15440 | Gauntlet | Gained mutation: You have a pair of large antennae on your
                  | head. (SInv) [demonic ancestry]
 15440 | Gauntlet | Reached XP level 12. HP: 94/94 MP: 12/12
 15452 | Gauntlet | Acquired 1118 gold pieces
 15593 | Gauntlet | Identified the +8 morningstar of Uzokk {flame, rN++ Int+2}
 15608 | Gauntlet | Killed a minotaur
 16210 | Lair:1   | Identified the +2 leather armour of Bitterness {rF+}
 16752 | Lair:2   | Reached skill level 12 in Polearms
 17411 | Lair:3   | Gained mutation: You are mostly covered in icy blue scales.
                  | (AC +3) [demonic ancestry]
 17411 | Lair:3   | Reached XP level 13. HP: 97/103 MP: 13/13
 17577 | Lair:3   | Reached skill level 10 in Fighting
 17715 | Lair:3   | You fall into a shaft and drop 3 floors!
 17715 | Lair:6   | Entered Level 6 of the Lair of Beasts
 17768 | Lair:6   | Received a gift from Trog
 17787 | Lair:6   | Found a runed translucent door.
 18040 | Lair:4   | Reached skill level 13 in Polearms
 18378 | Lair:3   | Found a staircase to the Shoals.
 19084 | Lair:4   | Found a hole to the Spider Nest.
 19249 | Lair:4   | HP: 5/104 [meliai/divine providence (10)]
 19250 | Lair:4   | HP: 2/104 [poisoned by a meliai]
 20010 | Lair:4   | Gained mutation: You regenerate a lot of health from kills.
                  | [demonic ancestry]
 20010 | Lair:4   | Reached XP level 14. HP: 90/111 MP: 14/14
 20079 | Lair:4   | Received a gift from Trog
 20480 | Lair:5   | Reached skill level 10 in Armour
 20625 | Lair:5   | Reached skill level 14 in Polearms
 20625 | Lair:5   | Reached skill level 10 in Dodging
 20985 | Lair:5   | Found a viscous altar of Jiyva.
 20985 | Lair:5   | Found a staircase to the Slime Pits.
 22469 | D:13     | Reached skill level 1 in Evocations
 22517 | D:13     | Noticed Snorg
 22527 | D:13     | Killed Snorg
 22601 | D:13     | Noticed Rupert
 22616 | D:13     | Killed Rupert
 22617 | D:13     | Reached skill level 1 in Shields
 22702 | D:13     | Identified the ring "Qeff" {rC+ AC+4 Str+5 Int-4}
 22863 | D:13     | Reached skill level 10 in Throwing
 23096 | D:13     | Reached XP level 15. HP: 120/120 MP: 15/15
 23537 | D:13     | Noticed Erolcha
 23540 | D:13     | Killed Erolcha
 23727 | D:14     | Found Liveu's Antique Weapon Emporium.
 23807 | D:14     | Received a gift from Trog
 23832 | D:14     | Noticed Nessos
 23859 | D:14     | Killed Nessos
 23907 | D:14     | Found a gate to the Vaults.
 24146 | D:14     | Reached ****** piety under Trog
 24725 | D:14     | Reached skill level 5 in Evocations
 25052 | D:15     | Entered Level 15 of the Dungeon
 25561 | D:15     | Paralysed by a great orb of eyes for 6 turns
 25618 | D:15     | Found a staircase to the Depths.
 26259 | Orc:1    | Entered Level 1 of the Orcish Mines
 27071 | Orc:2    | Entered Level 2 of the Orcish Mines
 27324 | Orc:2    | Noticed an orc warlord
 27440 | Orc:2    | Received a gift from Trog
 27673 | Orc:2    | Mangled by an orc warrior

Illustrated notes

Levels and vault maps discovered:
D:1:      dpeg_arrival_caged_fury, layout_loops_cross, serial_rivers,
          chequers_serial_rivers_large_b, chequers_serial_rivers_micro_a,
          chequers_serial_rivers_marsh, chequers_serial_rivers_small_3,
          chequers_serial_rivers_small_3
D:2:      layout_basic, minmay_misc_feat_iff
D:3:      layout_loops_corners, nicolae_vehumet_radiance, serial_shops,
          shop_statue, kennysheep_another_room,
          minmay_fractal_squares_gapless_5, uniq_jessica, uniq_ijyb
D:4:      layout_gridville, minmay_distorted
D:5:      layout_cave_pools, enter_ossuary_5, st_stairs_3,
          minmay_fractal_squares_diagonal_5
D:6:      layout_loops_ring, gup_sewer_entry_bubbles, minmay_misc_feat_tiny,
          minmay_ruined_shrine
D:7:      layout_loops_ring, temple_doors_ab, kennysheep_generic_room_13
D:8:      layout_basic
D:9:      layout_basic, dpeg_oklobed_lair, enter_bailey_3, minmay_nine_imps,
          uniq_prince_ribbit1, uniq_harold
D:10:     layout_basic, orc_0_dummy, serial_shops, shop_coins,
          serial_bayou_ford_a, uniq_sonja
D:11:     layout_grid_maze, serial_rivers, chequers_serial_rivers_micro_c,
          chequers_serial_rivers_marsh, chequers_serial_rivers_micro_c,
          chequers_serial_rivers_micro_a, chequers_serial_rivers_large_a,
          uniq_urug, uniq_erica
D:12:     layout_basic
D:13:     minmay_the_grid_octo_tiled_squarecenter [minmay_the_grid_octo_teeth,
          minmay_the_grid_octo_horde, minmay_the_grid_octo_empty,
          minmay_the_grid_octo_empty,
          minmay_the_grid_square_5x5_megaprize_diamond,
          minmay_the_grid_square_5x5_shuriken, minmay_the_grid_square_5x5_z,
          minmay_the_grid_square_5x5_checkered_sparse,
          minmay_the_grid_square_5x5_fancy_junction], layout_irregular_city,
          portal_ice_cave_entry_pillars_1, uniq_rupert, uniq_erolcha, uniq_snorg
D:14:     layout_basic, david_vaults_3, serial_shops, nicolae_stop_n_shop_2
D:15:     gammafunk_enter_depths_forms, layout_loops_ring, minivault_25
Temple:   nicolae_temple_the_god_donut
Lair:1:   layout_chaotic_city, gauntlet_entry_generic,
          chequers_serial_rivers_room_b, serial_bayou_lake_a,
          infiniplex_staircase_pool_2
Lair:2:   layout_chaotic_city
Lair:3:   layout_long_grid, minmay_shoals_entry_centaurs
Lair:4:   layout_layer_cave, spider_nest_entry_a, special_room
          [special_room_bee]
Lair:5:   layout_roguey [special_room_mythical_zoo],
          dpeg_slime_entry_enclosed_altar
Lair:6:   wormcave, layout_cave_pods, guppyfry_lair_end_dragon,
          gammafunk_ghost_abyssal_escape
Orc:1:    cheibrodos_orc_guarddog, layout_caves, basic_altar
Orc:2:    st_orc_town, layout_caves

Skill      XL: |  1  2  3  4  5  6  7  8  9 10 11 12 13 14 15 |
---------------+----------------------------------------------+-----
Polearms       | 3 4 5 7 8 9 11 12 13 14 | 14.0
Armour         | 2 3 4 5 6 7 8 9 10 11 | 11.1
Dodging        | 2 3 4 5 6 7 8 9 10 11 | 11.1
Fighting       | 4 5 6 7 8 9 10 12 13 | 13.1
Throwing       | 1 2 3 4 5 6 7 9 10 | 10.6
Evocations     | 3 6 |  6.4
Shields        | 2 3 |  3.9

Action                   |  1- 3 |  4- 6 |  7- 9 | 10-12 | 13-15 || total
-------------------------+-------+-------+-------+-------+-------++-------
Melee: Spear             |   128 |   132 |       |       |       ||   260
       Punch             |     2 |     2 |     9 |    13 |     9 ||    35
       Trident           |       |    77 |   582 |   837 |   806 ||  2302
       Demon trident     |       |       |       |       |   370 ||   370
 Fire: Hand crossbow     |       |       |    19 |    48 |   180 ||   247
       Hunting sling     |       |       |     5 |       |       ||     5
       Fustibalus        |       |       |       |       |     5 ||     5
Throw: Dart              |       |       |       |     4 |       ||     4
Invok: Berserk           |       |     6 |     1 |     7 |     4 ||    18
       Trog's Hand       |       |       |       |     5 |       ||     5
       Brothers in Arms  |       |       |       |       |     1 ||     1
  Use: Scroll            |       |    12 |     9 |     8 |    11 ||    40
       Potion            |       |     1 |       |       |     3 ||     4
 Stab: Sleeping          |     2 |       |       |       |       ||     2
       Distracted        |       |       |       |     1 |     3 ||     4
       Petrified         |       |       |       |       |     9 ||     9
Armor: Animal skin       |    22 |     3 |       |       |       ||    25
       Chain mail        |       |    73 |   276 |     7 |       ||   356
       Plate armour      |       |       |       |   364 |   606 ||   970
Dodge: Dodged            |    38 |    80 |   229 |   320 |   557 ||  1224
Block: Buckler           |       |       |       |       |    26 ||    26
       Kite shield       |       |       |       |       |   270 ||   270
       Reflection        |       |       |       |       |    19 ||    19
